 Dungeon Crawl Stone Soup version 0.19.1 (webtiles) character file.

2706 Lilleppy the Spear-Bearer (level 9, 0/69 HPs)
             Began as a Merfolk Gladiator on Dec 12, 2016.
             Was an Initiate of Fedhas.
             Slain by a hippogriff (5 damage)
             ... on level 7 of the Dungeon.
             The game lasted 00:18:46 (6736 turns).

Lilleppy the Spear-Bearer (Merfolk Gladiator)       Turns: 6736, Time: 00:18:46

Health: 0/69       AC:  9    Str: 15    XL:     9   Next: 65%
Magic:  9/9        EV: 16    Int:  8    God:    Fedhas [......]
Gold:   307        SH:  0    Dex: 21    Spells: 0 memorised, 8 levels left

rFire  . . .     SeeInvis .     v - +5 trident
rCold  . . .     Gourm    .     t - +0 scale mail
rNeg   . . .     Faith    .     (no shield)
rPois  .         Spirit   .     c - +0 helmet
rElec  .         Reflect  .     o - +0 cloak
rCorr  .         Harm     .     (no gloves)
MR     .....                    (no boots)
Stlth  +.........               (no amulet)
                                p - +2 ring of evasion
                                b - +4 ring of dexterity

@: no status effects
A: change form in water, swift swim, stealthy swim
a: Fungal Bloom, Renounce Religion


You were on level 7 of the Dungeon.
You worshipped Fedhas.
Fedhas was noncommittal.
You were near starving.

You visited 2 branches of the dungeon, and saw 8 of its levels.

You collected 307 gold pieces.

Inventory:

Hand Weapons
 i - a +2 rapier of draining
 n - a +3 quarterstaff of chaos
 v - a +5 trident (weapon)
 w - a +2 spear of piercing
Missiles
 d - a throwing net (quivered)
Armour
 c - a +0 helmet (worn)
 e - a +2 robe of fire resistance
 o - a +0 cloak (worn)
 t - a +0 scale mail (worn)
Jewellery
 a - an uncursed ring of fire {unknown}
 b - a +4 ring of dexterity (left hand)
 p - a +2 ring of evasion (right hand)
 u - an uncursed ring of magical power {unknown}
Wands
 y - a wand of paralysis (9/24)
 B - a wand of polymorph (1/24)
Scrolls
 l - 4 scrolls of recharging
 m - 8 scrolls of identify
 A - 2 scrolls of remove curse
 C - a scroll of enchant armour {unknown}
Potions
 q - 3 potions of curing
 r - 2 potions of ambrosia
 s - 2 potions of haste
Books
 g - a book of Misfortune

   Spells                             Type                      Level
   a - Confusing Touch                Hexes                        1
   b - Confuse                        Hexes                        3
   c - Gell's Gravitas                Hexes/Translocation          3
   d - Petrify                        Transmutation/Earth          4
   e - Metabolic Englaciation         Hexes/Ice                    5
   f - Yara's Violent Unravelling     Hexes/Transmutation          5
Comestibles
 f - a royal jelly
 h - 8 fruits
 j - a meat ration
 k - 3 slices of pizza


   Skills:
 + Level 6.2 Fighting
 + Level 12.2 Polearms
 + Level 2.2 Throwing
 + Level 4.4 Armour
 + Level 7.3 Dodging
 + Level 3.2 Stealth


You had 8 spell levels left.
You didn't know any spells.

Dungeon Overview and Level Annotations

Branches:
Dungeon (7/15)             Temple (1/1) D:5

Altars:
Ashenzari
Cheibriados
Dithmenos
Elyvilon
Fedhas
Gozag
Hepliaklqana
Kikubaaqudgha
Makhleb
Nemelex Xobeh
Okawaru
Qazlal
Ru
Sif Muna
Trog
Uskayaw
Xom
Yredelemnul
Zin
The Shining One

Annotations:
D:5 1 runed door


Message History

The hippogriff bites you.
* * * LOW HITPOINT WARNING * * *
The hippogriff completely misses you. The hippogriff barely misses you.
You feel better. The hippogriff bites you!
* * * LOW HITPOINT WARNING * * *
The hippogriff pecks you but does no damage.
The hippogriff claws you.
* * * LOW HITPOINT WARNING * * *
It was a potion of cancellation.
You feel magically purged. The hippogriff bites you.
* * * LOW HITPOINT WARNING * * *
The hippogriff pecks you.
* * * LOW HITPOINT WARNING * * *
The hippogriff claws you.
* * * LOW HITPOINT WARNING * * *
Fedhas appreciates ongoing decay.
It was a potion of magic.
Magic courses through your body. The hippogriff closely misses you.
The hippogriff pecks you.
You die...
Fedhas appreciates your contribution to the ecosystem.

# #)#..[#
#...#.).).#.
###.#...#######
#%.##.._..#
....#..p......#
#...#./.).#
#############.#
##...........
#.#
#..#...###..)
#[# ##.###...#
... #.#
#...........
#.###H##########
#.#...@...#
#.......#.#
#########.# . ##


You could see a hippogriff.

Vanquished Creatures
  Pikel (D:7)
  Menkaure (D:4)
  Edmund (D:4)
  Duvessa (D:5)
  An orc warrior (D:4)
  A slave (D:7)
  3 phantoms
  A gnoll sergeant (D:5)
  A bullfrog (D:6)
  Dowan (D:5)
  A scorpion (D:6)
  A killer bee (D:5)
  A jelly (D:5)
  A crimson imp (D:6)
  3 hounds
  2 orc priests
  3 bullfrog skeletons
  An iguana (D:4)
  Crazy Yiuf (D:3)
  Terence (D:3)
  Natasha (thrice) (D:4)
  3 orc wizards
  12 worker ants
  A hound skeleton (D:4)
  A mummy (D:5)
  Robin (D:3)
  12 gnolls (D:5)
  9 adders
  2 shadow imps
  2 adder skeletons
  A worm (D:3)
  3 dart slugs
  3 leopard geckos
  19 orcs
  A ball python (D:2)
  9 giant cockroaches
  15 goblins
  11 hobgoblins
  18 jackals
  5 quokkas
  A ball python skeleton (D:5)
  10 bats
  6 frilled lizards
  A jackal skeleton (D:4)
  6 kobolds
  A kobold zombie (D:5)
  A leopard gecko skeleton (D:4)
  An orc zombie (D:5)
  5 rats
  A butterfly (D:5)
  A fungus (D:3)
192 creatures vanquished.

Vanquished Creatures (others)
  A sky beast (D:7)
  A slave (D:7)
  5 toadstools (D:6)
7 creatures vanquished.

Grand Total: 199 creatures vanquished

Notes
Turn   | Place    | Note
-------+----------+-------------------------------------------
     0 | D:1      | Lilleppy the Merfolk Gladiator began the quest for the Orb.
     0 | D:1      | Reached XP level 1. HP: 16/16 MP: 1/1
   201 | D:1      | Reached XP level 2. HP: 11/23 MP: 2/2
   674 | D:1      | Reached skill level 5 in Polearms
  1193 | D:2      | Reached XP level 3. HP: 28/28 MP: 3/3
  1356 | D:2      | Found a shattered altar of Ashenzari.
  1373 | D:2      | Found a shadowy altar of Dithmenos.
  1464 | D:2      | Reached XP level 4. HP: 29/34 MP: 4/4
  1657 | D:2      | Found a sacrificial altar of Ru.
  1891 | D:3      | Found a shattered altar of Ashenzari.
  1956 | D:3      | Noticed Terence
  1971 | D:3      | Killed Terence
  2036 | D:3      | Noticed Robin
  2056 | D:3      | Reached skill level 6 in Polearms
  2066 | D:3      | Reached XP level 5. HP: 35/41 MP: 5/5
  2082 | D:3      | Killed Robin
  2238 | D:3      | Reached skill level 5 in Dodging
  2419 | D:3      | Found a runed door.
  2423 | D:3      | Noticed Crazy Yiuf
  2433 | D:3      | Killed Crazy Yiuf
  2433 | D:3      | Reached skill level 1 in Stealth
  2836 | D:4      | Reached skill level 1 in Armour
  2855 | D:4      | Noticed Menkaure
  2872 | D:4      | Killed Menkaure
  2872 | D:4      | Reached skill level 7 in Polearms
  2872 | D:4      | Reached XP level 6. HP: 47/47 MP: 6/6
  3128 | D:4      | Noticed Natasha
  3133 | D:4      | Killed Natasha
  3207 | D:4      | Reached skill level 8 in Polearms
  3207 | D:4      | Reached XP level 7. HP: 48/53 MP: 7/7
  3210 | D:4      | Noticed Edmund
  3224 | D:4      | Killed Edmund
  3351 | D:4      | Noticed Natasha
  3355 | D:4      | Killed Natasha
  3433 | D:4      | Noticed Natasha
  3439 | D:4      | Killed Natasha
  3439 | D:4      | Reached skill level 9 in Polearms
  3647 | D:4      | Reached XP level 8. HP: 12/60 MP: 8/8
  4286 | D:5      | Entered Level 5 of the Dungeon
  4434 | D:5      | Noticed Duvessa
  4453 | D:5      | Noticed Dowan
  4455 | D:5      | Killed Duvessa
  4455 | D:5      | Reached skill level 10 in Polearms
  4479 | D:5      | Killed Dowan
  4658 | D:5      | Reached skill level 5 in Fighting
  4697 | D:5      | Found a runed door.
  4699 | D:5      | Found a runed door.
  4730 | D:5      | Reached skill level 11 in Polearms
  4730 | D:5      | Reached XP level 9. HP: 9/68 MP: 9/9
  5163 | D:5      | Found a staircase to the Ecumenical Temple.
  5209 | Temple   | Entered the Ecumenical Temple
  5798 | D:6      | Found a blossoming altar of Fedhas.
  5804 | D:6      | Became a worshipper of Fedhas Madash
  5895 | D:6      | Found an opulent altar of Gozag.
  6114 | D:6      | Found a hide-covered altar of Uskayaw.
  6436 | D:7      | Noticed Pikel
  6519 | D:7      | Killed Pikel
  6519 | D:7      | Reached skill level 12 in Polearms
  6688 | D:7      | Found an iron altar of Okawaru.
  6736 | D:7      | Slain by a hippogriff

Skill      XL: |  1  2  3  4  5  6  7  8  9 |
---------------+----------------------------+-----
Polearms       | 5 6 7 8 9 11 12 | 12.2
Fighting       | 3 4 5 6 |  6.2
Dodging        | 5 6 7 |  7.3
Stealth        | 1 2 3 |  3.2
Armour         | 1 2 4 |  4.4
Throwing       | |  2.2

Action                   |  1- 3 |  4- 6 |  7- 9 || total
-------------------------+-------+-------+-------++-------
Melee: Trident           |   142 |   161 |   434 ||   737
       Tailslap          |     4 |       |    10 ||    14
       Unarmed           |       |       |    10 ||    10
Throw: Throwing net      |       |     2 |     4 ||     6
Invok: Fungal Bloom      |       |       |     4 ||     4
  Use: Scroll            |       |     6 |     2 ||     8
       Potion            |       |     7 |     9 ||    16
 Stab: Held in net/web   |       |     3 |     2 ||     5
       Sleeping          |       |     1 |     1 ||     2
  Eat: Bread ration      |       |     2 |     2 ||     4
Armor: Leather armour    |    35 |       |       ||    35
       Ring mail         |    18 |    33 |    20 ||    71
       Skin              |       |     5 |    10 ||    15
       Scale mail        |       |       |    75 ||    75
Dodge: Dodged            |   137 |   109 |   261 ||   507
